 Dungeon Crawl Stone Soup version 0.22-a0-824-g1ca9aab89c (webtiles) character file.

15 Htamos the Charmwright (level 2, 0/15 HPs)
             Began as a Vine Stalker Skald on July 24, 2018.
             Slain by an adder (3 damage)
             ... on level 1 of the Dungeon.
             The game lasted 00:01:08 (1199 turns).

Htamos the Charmwright (Vine Stalker Skald)         Turns: 1199, Time: 00:01:08

Health: 0/15       AC:  3    Str: 13    XL:     2   Next: 50%
Magic:  0/6        EV: 12    Int: 13    God:
Gold:   84         SH:  0    Dex: 13    Spells: 4/5 levels left

rFire    . . .     SeeInvis .   a - +0 short sword
rCold    . . .     Gourm    .   (no shield)
rNeg     . . .     Faith    .   b - +0 leather armour
rPois    .         Spirit   +   (no helmet)
rElec    .         Reflect  .   (no cloak)
rCorr    .         Harm     .   (no gloves)
MR       .....                  (no boots)
Stlth    +.........             (no amulet)
HPRegen  0.05/turn              (no ring)
MPRegen  0.10/turn              (no ring)

@: lethally poisoned (0 -> -11)
A: fangs 2, magic shield, antimagic bite, no potion heal 3, rot immunity
a: no special abilities


You were on level 1 of the Dungeon.
You were hungry.

You visited 1 branch of the dungeon, and saw 2 of its levels.

You collected 84 gold pieces.

Inventory:

Hand Weapons
 a - a +0 short sword (weapon)
Armour
 b - a +0 leather armour (worn)
Jewellery
 g - an uncursed ring of stealth {unknown}
Scrolls
 c - a scroll of remove curse {unknown}
 e - 3 scrolls of identify {unknown}
 f - a scroll of magic mapping {unknown}
 i - a scroll of amnesia {unknown}
Potions
 h - a potion of curing {unknown}
Comestibles
 d - 2 rations


   Skills:
 + Level 2.0 Fighting
 + Level 2.1 Short Blades
 + Level 1.0 Armour
 + Level 1.6 Dodging
 + Level 2.3 Spellcasting
 + Level 3.1 Charms


You had 4 spell levels left.
You knew the following spells:

 Your Spells              Type           Power        Failure   Level  Hunger
a - Infusion              Chrm           #...         9%          1    #......

Your spell library contained the following spells:

 Spells                   Type           Power        Failure   Level  Hunger
 Regeneration             Chrm/Necr      #.........   45%         3    ###....
 Shroud of Golubria       Chrm/Tloc      #.........   26%         2    ###....
 Song of Slaying          Chrm           #.......     13%         2    ###....
 Spectral Weapon          Hex/Chrm       #.......     45%         3    ###....


Dungeon Overview and Level Annotations

Branches:
Dungeon (2/15)

Altars:


Innate Abilities, Weirdness & Mutations

You have extremely sharp teeth.
When hurt, damage is shared between your health and your magic reserves.
Your bite disrupts and absorbs the magic of your enemies.
Potions cannot restore your health.
You are immune to rotting.


Message History

No target in view!
You climb downwards.
The adder barely misses you. The giant cockroach misses you.
The adder bites you. The ooze completely misses you.
The giant cockroach bites you.
There is a stone staircase leading up here.
The adder barely misses you. The ooze hits you. The giant cockroach bites you.
The adder closely misses you.
You climb upwards.
There is a stone staircase leading down here.
The ooze misses you. The adder bites you.
You are poisoned.
The adder poisons you!
You feel sick. The adder bites you.
* * * LOW HITPOINT WARNING * * *
You are more poisoned.
The adder poisons you!
* * * LOW HITPOINT WARNING * * *
You feel sick. The adder bites you.
* * * LOW MAGIC WARNING * * *
You die...

≈≈≈≈≈≈............#######.#
PP≈≈≈.......#..##.# #.#
≈≈≈≈≈≈..........#.# #.#
P≈≈≈≈.......#...#.# #.#
.≈≈≈≈≈.#.#......#.# #.#
.≈≈≈≈....#.##.>.#.# #.#
.P≈≈≈....#.##.Js#.#######.#
.P≈≈≈≈.#.#.##..S#.#.......#
.≈≈≈≈#...#.##...@.#.#######
.#≈≈≈#.#.#.##.#.....#
.#≈≈≈#.###.##.#######
.##≈≈#...#.##.#
###≈≈#...#.##.#
#≈≈###.#.#### #≈## #.#.#
#)#.# #.#.######


You could see an ooze, an adder and a giant cockroach.

Vanquished Creatures
  A bat (D:1)
  A giant cockroach (D:1)
  A hobgoblin (D:1)
  2 ball pythons (D:1)
  3 frilled lizards (D:1)
  2 goblins (D:1)
  2 kobolds (D:1)
  5 rats (D:1)
17 creatures vanquished.

Notes
Turn   | Place    | Note
-------+----------+-------------------------------------------
     0 | D:1      | Htamos the Vine Stalker Skald began the quest for the Orb.
     0 | D:1      | Reached XP level 1. HP: 11/11 MP: 4/4
   288 | D:1      | Reached XP level 2. HP: 14/15 MP: 6/6
   510 | D:1      | Reached skill level 1 in Armour
  1199 | D:1      | Slain by an adder

Vault maps used:
D:1:      onia_arrival_handbag, corner_web_ring, chequers_big_river
D:2:      elyvilon_altar_4, minitemple, cheibrodos_gnoll_hut

Skill      XL: |  1  2 |
---------------+-------+-----
Short Blades   | 2 |  2.1
Armour         | 1 |  1.0
Fighting       | 2 |  2.0
Dodging        | |  1.6
Spellcasting   | |  2.3
Charms         | |  3.1

Action                   || total
-------------------------++-------
Melee: Short sword       ||    61
       Bite              ||     8
Armor: Leather armour    ||    15
Dodge: Dodged            ||    47

Table legend:
 A = Spawn XP
 B = Non-spawn XP
 C = Spawn XP percentage of total XP
 D = Spawn monster count
 E = Non-spawn monster count
 F = Spawn count percentage of total count
 G = Total turns spent on level
                    A         B        C        D         E        F      G
               +---------+---------+-------+---------+---------+-------+---------
         Total |       0 |      22 |   0.0 |       0 |      17 |   0.0 |  1199
               +---------+---------+-------+---------+---------+-------+---------
           D:1 |       0 |      22 |   0.0 |       0 |      17 |   0.0 |  1194
               +---------+---------+-------+---------+---------+-------+---------
